 Dungeon Crawl Stone Soup version 0.18-a0-1312-gf98331d (webtiles) character file.

22187 bujo84 the Severer (level 12, 0/169 HPs)
             Began as a Minotaur Berserker on Feb 14, 2016.
             Was a High Priest of Trog.
             Slain by Rupert
             ... wielding a +2 great mace of protection
              (18 damage)
             ... on level 12 of the Dungeon.
             The game lasted 00:45:33 (15256 turns).

bujo84 the Severer (Minotaur Berserker)            Turns: 15256, Time: 00:45:34

Health: 0/169      AC: 19    Str: 28    XL:     12   Next: 60%
Magic:  11/11      EV: 10    Int:  6    God:    Trog [*****.]
Gold:   887        SH:  0    Dex: 12    Spells: 0 memorised, 11 levels left

rFire  . . .     SeeInvis .     y - +5 battleaxe (chop)
rCold  . . .     Gourm    +     n - +0 chain mail
rNeg   . . .     Faith    .     (shield currently unavailable)
rPois  .         Spirit   .     (helmet restricted)
rElec  .         Dismiss  .     w - +2 cloak
rCorr  .         Reflect  .     s - +0 pair of gloves
SustAt +         Harm     .     h - +0 pair of boots
MR     ++...                    O - amulet of the gourmand
Stlth  ..........               S - +3 ring of slaying
                                q - ring of sustain attributes

@: berserking, lethally poisoned (0 -> 0), regenerating, very quick, very
resistant to hostile enchantments, extremely unstealthy
A: retaliatory headbutt, horns 2
a: Berserk, Trog's Hand, Brothers in Arms, Burn Spellbooks, Renounce Religion


You were on level 12 of the Dungeon.
You worshipped Trog.
Trog was extremely pleased with you.
You were very full.

You visited 3 branches of the dungeon, and saw 15 of its levels.
You also visited: Sewer.

You collected 887 gold pieces.

Inventory:

Hand Weapons
 y - a +5 battleaxe of chopping (weapon)
 T - a +1 hand axe of flaming
 V - the +2 war axe of Xyibb {chop, rF+ Str+4}
   (You found it on level 10 of the Dungeon)

   It inflicts extra damage upon your enemies.
   It affects your strength (+4).
   It protects you from fire.
Armour
 h - a +0 pair of boots (worn)
 n - a +0 chain mail (worn)
 s - a +0 pair of gloves (worn)
 w - a +2 cloak (worn)
Jewellery
 q - a ring of sustain attributes (left hand)
 G - the ring of Neiptozxya {Fire +Fly}
   (You found it on level 11 of the Dungeon)

   [ring of fire]

   It enhances your fire magic, and weakens your ice magic.
   It protects you from fire.
   It makes you vulnerable to cold.
   It lets you fly.
 N - an uncursed ring of resist corrosion
 O - an amulet of the gourmand (around neck)
 S - a +3 ring of slaying (right hand)
Wands
 a - a wand of disintegration (9/24)
 A - a wand of acid (2/15)
Scrolls
 b - 2 scrolls of identify
 d - 2 scrolls of remove curse
 e - 4 scrolls of teleportation
 m - 5 scrolls of magic mapping
 o - a scroll of silence {unknown}
 p - 3 scrolls of recharging
 r - a scroll of enchant armour {unknown}
 z - a scroll of summoning {unknown}
 F - 2 scrolls of fear
 L - 2 scrolls of fog {unknown}
 M - a scroll of blinking
 P - 2 scrolls of amnesia {unknown}
 R - a scroll of immolation {unknown}
 U - a scroll of enchant weapon
 X - a scroll of acquirement {unknown}
Potions
 f - 7 potions of heal wounds
 g - a potion of ambrosia {unknown}
 k - 5 potions of lignification
 l - 3 potions of brilliance
 t - a potion of cure mutation
 u - 4 potions of curing
 v - 3 potions of flight
 x - a potion of resistance
 B - 2 potions of mutation
 H - 2 potions of agility
 K - a potion of might {unknown}
 W - a potion of cancellation {unknown}
 Z - a potion of invisibility
Comestibles
 c - 13 bread rations
 i - 2 slices of pizza
 j - 4 meat rations
 C - 12 fruits
 Q - 6 beef jerkies


   Skills:
 + Level 12.9 Fighting
 * Level 16.8 Axes
 + Level 13.0 Armour
 - Level 2.1 Dodging
 - Level 0.1 Stealth


You had 11 spell levels left.
You didn't know any spells.

Dungeon Overview and Level Annotations

Branches:
Dungeon (13/15) Temple (1/1) D:4 Lair (1/8) D:11 Orc (0/2) D:11 Vaults (0/5) D:12 D:13

Altars:
Ashenzari
Cheibriados
Dithmenos
Elyvilon
Fedhas
Gozag
Kikubaaqudgha
Makhleb
Nemelex Xobeh
Okawaru
Pakellas
Qazlal
Ru
Sif Muna
Trog
Vehumet
Xom
Yredelemnul
Zin
The Shining One

Shops:
D:9 %

Annotations:
D:12 Rupert


Innate Abilities, Weirdness & Mutations

You reflexively headbutt those who attack you in melee.
You have a pair of horns on your head.


Message History

The orc knight hits you with a battleaxe!
* * * LOW HITPOINT WARNING * * *
Nessos hits you but does no damage.
You barely miss Rupert.
Rupert is severely wounded.
You slash the orc knight!
The orc knight is severely wounded.
You chop Nessos into pieces!!!
You kill Nessos!
Trog accepts your kill.
Trog appreciates your killing of a magic user.
Your Armour skill increases to level 13!
You feel sick. Rupert hits you but does no damage.
You slice Rupert!! Your headbutt misses Rupert.
Rupert is severely wounded.
You slice the orc knight!!
You kill the orc knight!
Trog accepts your kill.
Rupert hits you with a great mace of protection!!
You die...

#################################
................)...............#
#..............@@)..............#
#.............##.†.......†......#
#...####......##........####....#
#...# #...[..##........# #....#
#...# #......##........# #....#
#...####................####....#
................................#
##'#############'###+#####......#
......##.................#.##...#


You could see Rupert (berserk).

Vanquished Creatures
  Nessos (D:12)
  A hydra (Lair:1)
  The ghost of KarvaRausku the Fighter, a journeyman FoFi of Okawaru (D:12)
  2 unseen horrors (D:10)
  A hill giant (D:13)
  Pikel (D:4)
  The ghost of Somebody the Carver, a novice NaBe of Trog (D:6)
  An orc knight (D:12)
  A deep elf mage (D:12)
  An ugly thing (D:11)
  A manticore (D:11)
  2 black mambas (Lair:1)
  Joseph (D:8)
  2 centaur zombies
  5 komodo dragons
  A spiny frog (Lair:1)
  A two-headed ogre (D:10)
  A shadow (D:12)
  A wyvern (D:8)
  2 vampires (D:10)
  A wraith (D:10)
  Sigmund (D:2)
  8 yaks
  14 humans
  A steam dragon (D:8)
  2 hungry ghosts
  Menkaure (D:6)
  2 hippogriffs
  3 vampire mosquitoes (D:12)
  A basilisk (D:11)
  2 porcupines (Lair:1)
  4 orc warriors
  3 water moccasins
  A black bear (D:9)
  2 sky beasts (D:12)
  A slave (D:4)
  An eye of draining (D:9)
  2 phantoms
  Purgy (Sewer)
  8 ogres
  A necrophage (D:10)
  3 ice beasts
  14 centaurs
  4 crocodiles
  3 big kobolds
  6 giant frogs
  A wyvern skeleton (D:11)
  4 scorpions
  21 wights
  2 vampire bats (D:8)
  An electric eel (D:10)
  4 crimson imps
  4 hounds
  3 giant frog skeletons
  A quasit (D:10)
  3 jellies
  Crazy Yiuf (D:5)
  An orc priest (D:12)
  7 orc wizards
  A centaur skeleton (D:11)
  2 iguanas
  10 worker ants
  2 hound zombies
  A hound skeleton (D:6)
  A gnoll (D:4)
  15 adders
  8 river rats (Lair:1)
  A shadow imp (D:5)
  12 white imps (Lair:1)
  3 adder skeletons
  3 worms
  9 giant geckos
  41 orcs
  2 bat skeletons (D:8)
  4 bat zombies (D:8)
  8 giant cockroaches
  8 goblins
  6 hobgoblins
  6 jackals
  27 kobolds
  7 quokkas
  5 ball pythons
  11 bats
  A giant gecko skeleton (D:8)
  A giant gecko zombie (D:5)
  7 giant newts
  A jackal skeleton (D:6)
  8 rats
  A spectral orc (D:8)
  A fungus (Lair:1)
  A plant (D:11)
385 creatures vanquished.

Vanquished Creatures (collateral kills)
  A human (D:13)
1 creature vanquished.

Vanquished Creatures (others)
  A lightning spire (D:8)
  An adder (D:4)
  An orc (D:8)
  A quokka (D:8)
  2 bushes (D:8)
  A plant (D:11)
7 creatures vanquished.

Grand Total: 393 creatures vanquished

Notes
Turn   | Place    | Note
--------------------------------------------------------------
     0 | D:1      | bujo84 the Minotaur Berserker began the quest for the Orb.
     0 | D:1      | Reached XP level 1. HP: 19/19 MP: 0/0
   258 | D:1      | Reached XP level 2. HP: 17/27 MP: 1/1
   600 | D:1      | Noticed a big kobold
   600 | D:1      | Noticed a big kobold
   601 | D:1      | Noticed a big kobold
   612 | D:1      | Reached skill level 4 in Fighting
   738 | D:1      | Noticed a big kobold
  1415 | D:2      | Found a stormy altar of Qazlal.
  1450 | D:2      | Reached XP level 3. HP: 33/33 MP: 2/2
  1451 | D:2      | Reached ** piety under Trog
  1616 | D:2      | Noticed Sigmund
  1621 | D:2      | Killed Sigmund
  1621 | D:2      | Reached skill level 5 in Axes
  1621 | D:2      | Reached XP level 4. HP: 41/41 MP: 3/3
  1621 | D:2      | Reached XP level 5. HP: 47/47 MP: 4/4
  2177 | D:2      | Reached skill level 5 in Fighting
  2501 | D:3      | Reached skill level 6 in Axes
  2619 | D:3      | Reached XP level 6. HP: 54/56 MP: 5/5
  2647 | D:3      | Reached *** piety under Trog
  3483 | D:4      | Found a staircase to the Ecumenical Temple.
  3514 | D:4      | Reached skill level 7 in Axes
  3514 | D:4      | Reached skill level 5 in Armour
  3519 | D:4      | Reached XP level 7. HP: 35/62 MP: 6/6
  3822 | D:4      | Found a burning altar of Makhleb.
  3942 | D:4      | Noticed Pikel
  3949 | D:4      | Killed Pikel
  3949 | D:4      | Reached skill level 8 in Axes
  3949 | D:4      | Reached XP level 8. HP: 71/71 MP: 7/7
  4153 | D:5      | Entered Level 5 of the Dungeon
  4204 | D:5      | Reached skill level 9 in Axes
  4230 | D:5      | Found an iron altar of Okawaru.
  4258 | D:5      | Found an opulent altar of Gozag.
  4329 | D:5      | Reached **** piety under Trog
  4331 | D:5      | Found a glowing drain.
  4357 | Sewer    | Entered a sewer
  4380 | Sewer    | Noticed Purgy
  4383 | Sewer    | Killed Purgy
  4942 | D:5      | Noticed Crazy Yiuf
  4949 | D:5      | Killed Crazy Yiuf
  5280 | Temple   | Entered the Ecumenical Temple
  5393 | D:6      | Noticed Somebody's ghost (novice NaBe)
  5409 | D:6      | Killed Somebody's ghost
  5409 | D:6      | Reached skill level 10 in Axes
  5409 | D:6      | Reached XP level 9. HP: 81/81 MP: 8/8
  5562 | D:6      | Noticed Menkaure
  5579 | D:6      | Killed Menkaure
  5813 | D:6      | Found a shattered altar of Ashenzari.
  6061 | D:6      | Reached skill level 11 in Axes
  6383 | D:6      | Found a shadowy altar of Dithmenos.
  6787 | D:7      | Found an opulent altar of Gozag.
  7093 | D:8      | Found a radiant altar of Vehumet.
  7175 | D:8      | Noticed Joseph
  7199 | D:8      | Killed Joseph
  7199 | D:8      | Reached skill level 12 in Axes
  7241 | D:8      | Found a white marble altar of Elyvilon.
  7378 | D:8      | Reached XP level 10. HP: 46/91 MP: 9/9
  7847 | D:8      | Found a basalt altar of Yredelemnul.
  8145 | D:8      | Reached ***** piety under Trog
  8167 | D:8      | Found a glowing golden altar of the Shining One.
  8222 | D:8      | Identified Ugroilych's Compendium of Conjuration
  8246 | D:8      | Found an oddly glowing altar of Pakellas.
  8247 | D:8      | Noticed a deep elf knight
  8530 | D:8      | Found a bloodstained altar of Trog.
  8583 | D:8      | Found an ancient bone altar of Kikubaaqudgha.
  9209 | D:8      | Reached skill level 13 in Axes
  9421 | D:9      | Found a burning altar of Makhleb.
  9421 | D:9      | Noticed a balrug
  9478 | D:9      | Reached skill level 10 in Fighting
  9521 | D:9      | Found Xuosurew's Food Boutique.
  9597 | D:9      | Reached skill level 10 in Armour
  9721 | D:9      | Received a gift from Trog
  9879 | D:9      | Found a sparkling altar of Nemelex Xobeh.
 10042 | D:10     | Entered Level 10 of the Dungeon
 10273 | D:10     | Got an ancient war axe
 10274 | D:10     | Identified the +2 war axe of Xyibb {chop, rF+ Str+4} (You found it on level 10 of the Dungeon)
 10493 | D:10     | Killed an unseen horror
 10973 | D:10     | Killed an unseen horror
 10973 | D:10     | Reached skill level 14 in Axes
 10973 | D:10     | Reached XP level 11. HP: 101/101 MP: 10/10
 11501 | D:11     | Found a staircase to the Orcish Mines.
 11538 | D:11     | Found a staircase to the Lair.
 11684 | D:11     | Noticed a brown ugly thing
 11694 | D:11     | Killed a brown ugly thing
 11860 | D:11     | Got a flickering golden ring
 12135 | D:11     | Identified the ring of Neiptozxya {Fire +Fly} (You found it on level 11 of the Dungeon)
 12186 | Lair:1   | Entered Level 1 of the Lair of Beasts
 12345 | Lair:1   | Reached skill level 15 in Axes
 12509 | Lair:1   | Received a gift from Trog
 12512 | Lair:1   | Found a frozen archway.
 13171 | Lair:1   | Found a shimmering altar of Xom.
 13542 | Lair:1   | Noticed a six-headed hydra
 13551 | Lair:1   | Killed a two-headed hydra
 14095 | D:12     | Noticed KarvaRausku's ghost (journeyman FoFi)
 14107 | D:12     | Killed KarvaRausku's ghost
 14161 | D:12     | Noticed a deep elf mage
 14178 | D:12     | Killed a deep elf mage
 14385 | D:12     | Reached XP level 12. HP: 101/112 MP: 11/11
 14390 | D:12     | Received a gift from Trog
 14569 | D:12     | Reached skill level 16 in Axes
 15235 | D:13     | Found a gate to the Vaults.
 15235 | D:13     | Noticed Rupert
 15235 | D:13     | Noticed Nessos
 15255 | D:12     | Killed Nessos
 15256 | D:12     | Slain by Rupert

Vault maps used:
D:1:      erik_arrival_cave_to_civilisation
D:2:      lemuel_round_altar, uniq_sigmund
D:3:      first_bread
D:4:      kennysheep_little_box, minmay_temple_entry_from_below_a,
          minmay_bisected, uniq_pikel
D:5:      nicolae_overflow_crystal_walls, portal_sewer_entry_f,
          okawaru_metal_pillars_1_2, uniq_crazy_yiuf_cottage
D:6:      nicolae_dithmenos_shadow_blocks, lemuel_doored_altar, uniq_menkaure
D:7:      nicolae_gozag_seed_capital
D:8:      bloody_trog, gammafunk_pakellas_spire_experiment,
          kennysheep_vampire_church, tso_metal_star, kennysheep_mini,
          yredelemnul_forgotten_temple_becter, elyvilon_altar_4,
          grunt_ogre_cave, corexii_checkpoint_a, uniq_joseph
D:9:      old_standard_altar, serial_shops, shop, makhleb_altar_promises_db
D:10:     kennysheep_generic_room_9
D:11:     david_lair_shrubbed, orc_0_dummy
D:13:     david_vaults_3, uniq_nessos, uniq_kirke
Temple:   nicolae_temple_great_sept
Lair:1:   portal_ice_cave_entry_imps, lemuel_centaur_altar
Sewer:    sewer_co_purgy_island

Action                   |  1- 3 |  4- 6 |  7- 9 | 10-12 || total
-------------------------+-------+-------+-------+-------++-------
Melee: Hand axe          |    59 |   173 |   351 |   294 ||   877
       War axe           |       |       |       |   181 ||   181
       Battleaxe         |       |       |       |    97 ||    97
Invok: Berserk           |     1 |       |     6 |     9 ||    16
       Trog's Hand       |       |       |       |     1 ||     1
       Brothers in Arms  |       |       |       |     1 ||     1
  Use: Scroll            |       |       |       |    21 ||    21
 Stab: Sleeping          |     1 |       |       |       ||     1
  Eat: Chunk             |     2 |     7 |    14 |    33 ||    56
       Meat ration       |       |       |     2 |       ||     2
       Beef jerky        |       |       |       |     5 ||     5
       Pizza             |       |       |       |     2 ||     2
